 Dungeon Crawl Stone Soup version 0.19-a0-1852-gc11d922 (webtiles) character file.

285 Psiweapon the Slasher (level 6, 0/50 HPs)
             Began as a Minotaur Gladiator on Oct 11, 2016.
             Slain by a human zombie (6 damage)
             ... in an ossuary.
             The game lasted 00:05:20 (1801 turns).

Psiweapon the Slasher (Minotaur Gladiator)          Turns: 1801, Time: 00:05:21

Health: 0/50       AC:  3    Str: 19    XL:     6   Next: 7%
Magic:  5/5        EV: 20    Int:  5    God:
Gold:   62         SH:  0    Dex: 18    Spells: 0 memorised, 5 levels left

rFire  + . .     SeeInvis .     a - +0 long sword
rCold  + . .     Gourm    .     b - +0 leather armour
rNeg   . . .     Faith    .     (no shield)
rPois  +         Spirit   .     c - +0 hat
rElec  +         Dismiss  +     (no cloak)
rCorr  +         Reflect  .     (no gloves)
MR     .....     Harm     .     (no boots)
Stlth  ++........               l - amulet of dismissal
                                (no ring)
                                (no ring)

@: agile, resistant
A: retaliatory headbutt, horns 2
a: no special abilities


You were in an ossuary.
You were not hungry.

You visited 1 branch of the dungeon, and saw 4 of its levels.
You also visited: Ossuary.

You collected 62 gold pieces.

Inventory:

Hand Weapons
 a - a +0 long sword (weapon)
 j - a +2 spear of freezing
Missiles
 d - 3 throwing nets (quivered)
 k - 10 arrows
Armour
 b - a +0 leather armour (worn)
 c - a +0 hat (worn)
 i - a +0 ring mail
Jewellery
 l - an amulet of dismissal (around neck)
Scrolls
 e - 2 scrolls of identify {unknown}
 m - a scroll of teleportation {unknown}
 r - a scroll of noise {unknown}
Potions
 h - a potion of degeneration {unknown}
 o - a potion of curing {unknown}
Comestibles
 f - 2 bread rations


   Skills:
 - Level 2.4 Fighting
 * Level 7.1 Long Blades
 - Level 2.0 Throwing
 + Level 5.0 Dodging


You had 5 spell levels left.
You didn't know any spells.

Dungeon Overview and Level Annotations

Branches:
Dungeon (4/15)
 Temple: D:4-7

Altars:

Shops:
D:4 (


Innate Abilities, Weirdness & Mutations

You reflexively headbutt those who attack you in melee.
You have a pair of horns on your head.


Message History

You destroy the centaur zombie!
Your Dodging skill increases to level 5!
You have reached level 6!
Your experience leads to an increase in your attributes!
Increase (S)trength, (I)ntelligence, or (D)exterity?
You feel agile. The human zombie hits you.
* * * LOW HITPOINT WARNING * * *
It was a potion of resistance.
You feel protected.
The big kobold zombie completely misses you.
You riposte.
You barely miss the big kobold zombie.
It was a potion of agility.
You feel agile all of a sudden. The human zombie barely misses you.
The big kobold zombie hits you.
* * * LOW HITPOINT WARNING * * *
You hit the human zombie. You headbutt the human zombie!
The human zombie is heavily damaged.
The human zombie hits you.
You die...

######################
#....................#
#....................#
#........8..8........#
#....................#
#...######..######...#
#...# #^.#.ZZ.#...#
#...# #.^# #@#...#
#...#.####..####Z#...#
#...#............#...#
#...#.......####.#...#
#...#.......# #.#...#
#...#.......# ..#...#
#...#.....∩.# ###...#
#...####+.... #...#
#...# #...# #...#


You could see a kobold zombie, a big kobold zombie and a human zombie.

Vanquished Creatures
  An ice beast (D:3)
  A howler monkey (D:4)
  2 centaur zombies (Ossuary)
  A worker ant (D:4)
  A gnoll (D:4)
  An adder (D:2)
  A worm (D:2)
  A dart slug (D:1)
  3 ball pythons
  A goblin (D:1)
  5 hobgoblins
  2 jackals (D:1)
  5 bats
  2 frilled lizards
  A goblin zombie (Ossuary)
  8 hobgoblin zombies (Ossuary)
  A kobold (D:1)
  3 kobold zombies (Ossuary)
  9 orc zombies (Ossuary)
  6 rats
55 creatures vanquished.

Notes
Turn   | Place    | Note
-------+----------+-------------------------------------------
     0 | D:1      | Psiweapon the Minotaur Gladiator began the quest for the Orb.
     0 | D:1      | Reached XP level 1. HP: 18/18 MP: 0/0
   264 | D:2      | Reached skill level 4 in Long Blades
   326 | D:2      | Reached XP level 2. HP: 10/25 MP: 1/1
   983 | D:2      | Reached XP level 3. HP: 30/30 MP: 2/2
  1158 | D:1      | You fall through a shaft!
  1196 | D:2      | You fall through a shaft!
  1196 | D:3      | Noticed an ice beast
  1201 | D:3      | Killed an ice beast
  1201 | D:3      | Reached skill level 6 in Long Blades
  1201 | D:3      | Reached XP level 4. HP: 22/37 MP: 3/3
  1343 | D:4      | Reached XP level 5. HP: 25/42 MP: 4/4
  1431 | D:4      | Found a sand-covered staircase.
  1440 | D:4      | Found Gufoppigg's Weapon Shoppe.
  1460 | Ossuary  | Entered an ossuary
  1792 | Ossuary  | Reached skill level 7 in Long Blades
  1798 | Ossuary  | Reached skill level 5 in Dodging
  1798 | Ossuary  | Reached XP level 6. HP: 10/50 MP: 5/5
  1801 | Ossuary  | Slain by a human zombie

Vault maps used:
D:1:      dpeg_arrival_chambers_temple_mockup
D:2:      uniq_jessica
D:3:      minmay_misc_feat_room
D:4:      lemuel_zombie_altar_yredelemnul, kennysheep_mini, lemuel_round_altar,
          first_bread, nicolae_ossuary_entry_ruins, serial_shops, shop
Ossuary:  ossuary_tomb_1

Skill      XL: |  1  2  3  4  5 |
---------------+----------------+-----
Long Blades    | 4 6 7 |  7.1
Dodging        | 4 5 |  5.0
Fighting       | |  2.4
Throwing       | |  2.0

Action                   |  1- 3 |  4- 6 || total
-------------------------+-------+-------++-------
Melee: Long sword        |    50 |    53 ||   103
       Headbutt          |     8 |    22 ||    30
  Use: Potion            |       |     2 ||     2
  Eat: Chunk             |     1 |     1 ||     2
       Beef jerky        |       |     1 ||     1
Armor: Leather armour    |     8 |     7 ||    15
Dodge: Dodged            |    34 |    29 ||    63
       Rpst.: Long sword |     9 |    10 ||    19
